 Dungeon Crawl Stone Soup version 0.29-a0-330-g52719c12eb (webtiles) character file.

Game seed: 14754283073766916109

172 inmateoo the Skirmisher (level 5, -3/42 HPs)
             Began as a Demonspawn Fighter on Apr 28, 2022.
             Was an Initiate of Gozag.
             Splashed by a jelly's acid (9 damage)
             ... on level 3 of the Dungeon.
             The game lasted 00:02:59 (3397 turns).

inmateoo the Skirmisher (Demonspawn Fighter)        Turns: 3397, Time: 00:03:00

Health: -3/42      AC: -2    Str: 19    XL:     5   Next: 27%
Magic:  5/5        EV: 11    Int:  9    God:    Gozag
Gold:   126        SH:  5    Dex: 18    Spells: 4/4 levels left

rFire   + . .      SeeInvis .     - Unarmed
rCold   . . .      Faith    .   b - +0 buckler
rNeg    . . .      Spirit   .   m - +6 ring mail of Limovog {Dex+6}
rPois   .          Reflect  .   (no helmet)
rElec   .          Harm     .   (no cloak)
rCorr   .          Rampage  .   (no gloves)
Will    .....                   h - +0 pair of boots
Stlth   +.........              (no amulet)
HPRegen 0.14/turn               l - ring of protection from fire
MPRegen 0.09/turn               (no ring)

@: corroded, gold aura
A: powered by pain 2, sharp scales 1
a: Renounce Religion, Potion Petition, Call Merchant, Bribe Branch


You were on level 3 of the Dungeon.
You worshipped Gozag.
Gozag was aware of your devotion.
You visited 1 branch of the dungeon, and saw 4 of its levels.

You collected 174 gold pieces.
You paid 48 gold pieces to Gozag.

Inventory:

Armour
 b - a +0 buckler (worn)
 h - a +0 pair of boots (worn)
 m - the +6 ring mail of Limovog (worn) {Dex+6}
   (You found it on level 3 of the Dungeon)

   Dex:       It affects your dexterity (+6).
Jewellery
 l - a ring of protection from fire (left hand)
Scrolls
 g - a scroll of silence
 j - a scroll of blinking
 n - a scroll of magic mapping {unknown}
Potions
 a - 2 potions of degeneration {unknown}
 c - a potion of might
 d - 2 potions of mutation {unknown}
 e - 2 potions of curing {unknown}
 f - a potion of heal wounds {unknown}
 i - 3 potions of haste {unknown}
 k - 3 potions of attraction {unknown}


   Skills:
 + Level 3.6 Fighting
 + Level 3.2 Armour
 + Level 1.6 Dodging
 + Level 3.3 Shields
 * Level 3.1 Unarmed Combat


You had 4 spell levels left.
You didn't know any spells.
Your spell library contained the following spells:

 Spells                   Type           Power      Damage    Failure   Level
 Summon Guardian Golem    Hex/Summ       0%         N/A       95%         3
 Orb of Destruction       Conj           0%         9d5       100%        7
 Spellforged Servitor     Conj/Summ      0%         N/A       100%        7


Dungeon Overview and Level Annotations

Branches:
Dungeon (4/15)
 Temple: D:4-7

Altars:
Dithmenos
Gozag


Innate Abilities, Weirdness & Mutations

You sometimes gain power by taking damage.
You are partially covered in razor-sharp scales. (AC +1, Slay +1)


Message History

The orc shouts!
The orc barely misses you.
You barely miss the orc. The orc barely misses you.
You barely miss the orc. The orc closely misses you.
You hit the orc.
The orc is almost dead.
The orc hits you but does no damage.
You hit the orc.
You kill the orc!
You hit the jelly. The acid corrodes you!
Your hands burn!
The jelly is lightly wounded.
The jelly hits you but does no damage.
You hit the jelly. The acid corrodes you!
Your hands burn!
The jelly is moderately wounded.
You block the jelly's attack.
You hit the jelly but do no damage.
Your hands burn!
The jelly is moderately wounded.
The jelly barely misses you.
You hit the jelly but do no damage.
Your hands burn!
The jelly is moderately wounded.
The jelly jiggles.
You block the jelly's attack.
You hit the jelly but do no damage.
Your hands burn!
The jelly is moderately wounded.
The jelly barely misses you.
You hit the jelly but do no damage.
Your hands burn!
The jelly is moderately wounded.
You block the jelly's attack.
You are too injured to fight recklessly!
You hit the jelly but do no damage. The acid corrodes you!
Your hands burn!
The jelly is moderately wounded.
The jelly barely misses you.
You hit the jelly but do no damage. The acid corrodes you!
Your hands burn!
* * * LOW HITPOINT WARNING * * *
The jelly is moderately wounded.
The jelly hits you.
* * * LOW HITPOINT WARNING * * *
You are splashed with acid!
You die...
Your body crumbles into a pile of gold.

.#.#........#
.#.#........#
.#.#........#
............#
######......#
.....#......#
.....#..#####
.._..#.###########
.....#.........J@#
.....#.######.####
######.##.....#
.......##.#####
.......##.#
##........#
####.#.####
...###.# ...###.#


You could see a jelly.

Vanquished Creatures
  An orc wizard (D:2)
  3 gnolls (D:2)
  3 adders
  3 dart slugs (D:1)
  4 orcs (D:3)
  5 ball pythons
  8 endoplasms
  6 giant cockroaches
  9 goblins
  4 hobgoblins
  12 jackals
  4 kobolds
  2 quokkas (D:1)
  2 bats
  4 frilled lizards
  5 rats
75 creatures vanquished.

Notes
Turn   | Place    | Note
-------+----------+-------------------------------------------
     0 | D:1      | inmateoo the Demonspawn Fighter began the quest for the
                  | Orb.
     0 | D:1      | Reached XP level 1. HP: 18/18 MP: 1/1
   208 | D:1      | Gained mutation: You sometimes gain a little power by
                  | taking damage. [demonic ancestry]
   208 | D:1      | Reached XP level 2. HP: 18/24 MP: 2/2
   999 | D:1      | Gained mutation: You sometimes gain power by taking damage.
                  | [demonic ancestry]
   999 | D:1      | Reached XP level 3. HP: 22/29 MP: 3/3
  1080 | D:1      | Found a faded altar of an unknown god.
  1488 | D:2      | Reached skill level 1 in Dodging
  1633 | D:2      | Gained mutation: You are partially covered in razor-sharp
                  | scales. (AC +1, Slay +1) [demonic ancestry]
  1633 | D:2      | Reached XP level 4. HP: 24/35 MP: 4/4
  2175 | D:2      | Found a shadowy altar of Dithmenos.
  2562 | D:3      | Found an opulent altar of Gozag.
  2606 | D:2      | Reached XP level 5. HP: 9/41 MP: 5/5
  2992 | D:3      | Identified the +6 ring mail of Limovog {Dex+6}
  3342 | D:3      | Became a worshipper of Gozag Ym Sagoz the Greedy
  3397 | D:3      | Splashed by a jelly's acid

Illustrated notes

Levels and vault maps discovered:
D:1:      saegor_arrival_simple_d, layout_basic,
          hellmonk_ecumenical_altar_lost_god
D:2:      minmay_spotlight, layout_loops_ring, basic_altar
D:3:      layout_basic, amcnicky_altar_gilded
D:4:      layout_rooms

Skill      XL: |  1  2  3  4 |
---------------+-------------+-----
Unarmed Combat | 2 3 |  3.1
Shields        | 3 |  3.3
Dodging        | 1 |  1.6
Armour         | 3 |  3.2
Fighting       | |  3.6

Action                   |  1- 3 |  4- 6 || total
-------------------------+-------+-------++-------
Melee: Unarmed           |   181 |   168 ||   349
  Use: Scroll            |     1 |     2 ||     3
Armor: Scale mail        |    51 |       ||    51
       Plate armour      |    18 |    93 ||   111
       Ring mail         |       |    15 ||    15
Dodge: Dodged            |    50 |    44 ||    94
Block: Buckler           |    29 |    31 ||    60

Table legend: (Time is in decaauts)
 A = Elapsed time spent in this place.
 B = Non-inter-level travel time spent in this place.
 C = Inter-level travel time spent in this place.
 D = Time resting spent in this place.
 E = Time spent auto-exploring this place.
 F = Levels seen in this place.
 G = Mean time per level.
                   A        B        C        D        E       F      G
               +--------+--------+--------+--------+--------+-----+--------+
         Total |   3393 |   3316 |     77 |   1144 |   1543 |   4 |  848.2 |
       Dungeon |   3393 |   3316 |     77 |   1144 |   1543 |   4 |  848.2 |
               +--------+--------+--------+--------+--------+-----+--------+

Top non-repeatable levels by time:
     D:1: 1479 daAuts
     D:2: 1349 daAuts
     D:3: 560 daAuts
     D:4: 3 daAuts
